 Dungeon Crawl Stone Soup version 0.19-b1-4-gd8a0a2a (webtiles) character file.

184 dohliylev the Covert (level 5, 0/38 HPs)
             Began as a Vampire Assassin on Oct 30, 2016.
             Succumbed to a worker ant's poison
             ... on level 4 of the Dungeon.
             The game lasted 00:07:20 (2389 turns).

dohliylev the Covert (Vampire Assassin)             Turns: 2389, Time: 00:07:21

Health: 0/38       AC:  3    Str: 10    XL:     5   Next: 36%
Magic:  5/5        EV: 13    Int: 13    God:
Gold:   215        SH:  0    Dex: 17    Spells: 0 memorised, 4 levels left

rFire  . . .     SeeInvis +     a - +2 dagger
rCold  . . .     Gourm    .     c - +0 robe
rNeg   + . .     Faith    .     (no shield)
rPois  .         Spirit   .     (no helmet)
rElec  .         Reflect  .     d - +0 cloak
rCorr  .         Harm     .     (no gloves)
MR     .....                    (no boots)
Stlth  ++++......               (no amulet)
                                (no ring)
                                (no ring)

@: lethally poisoned (0 -> -16)
A: fangs 3, see invisible, unbreathing
a: Bat Form


You were on level 4 of the Dungeon.
You were not thirsty.

You visited 1 branch of the dungeon, and saw 4 of its levels.

You collected 215 gold pieces.

Inventory:

Hand Weapons
 a - a +2 dagger (weapon)
 b - a +0 blowgun
Missiles
 e - 23 poisoned needles
 f - 2 curare-tipped needles
Armour
 c - a +0 robe (worn)
 d - a +0 cloak (worn)
 r - a +1 robe of positive energy
 v - a +0 cloak of magic resistance
Scrolls
 j - a scroll of magic mapping {unknown}
 m - 3 scrolls of teleportation {unknown}
 n - a scroll of enchant armour {unknown}
 o - a scroll of noise {unknown}
 p - 3 scrolls of identify {unknown}
Potions
 g - a potion of magic {unknown}
 h - a potion of curing {unknown}
 i - 2 potions of beneficial mutation {unknown}
 k - 2 potions of agility {unknown}
 l - 2 potions of flight {unknown}
 q - a potion of invisibility {unknown}
 s - a potion of mutation {unknown}
 t - 3 potions of blood
 u - a potion of ambrosia {unknown}


   Skills:
 + Level 2.2 Fighting
 + Level 3.4 Short Blades
 + Level 1.7 Throwing
 + Level 2.1 Dodging
 + Level 8.5 Stealth


You had 4 spell levels left.
You didn't know any spells.

Dungeon Overview and Level Annotations

Branches:
Dungeon (4/15)
 Temple: D:4-7

Altars:
Dithmenos
Fedhas


Innate Abilities, Weirdness & Mutations

You have razor-sharp teeth.
You have supernaturally acute eyesight. (SInv)
You can survive without breathing.


Message History

You hit the worker ant but do no damage.
The worker ant is heavily wounded.
You feel sick. The worker ant barely misses you.
You hit the worker ant.
The worker ant is severely wounded.
The worker ant bites you.
You are lethally poisoned!
The worker ant poisons you!
You closely miss the worker ant.
The worker ant is severely wounded.
* * * LOW HITPOINT WARNING * * *
You feel sick. The worker ant bites you!
* * * LOW HITPOINT WARNING * * *
You hit the worker ant but do no damage.
The worker ant is severely wounded.
* * * LOW HITPOINT WARNING * * *
You feel sick.
You closely miss the worker ant.
The worker ant is severely wounded.
You die...

# #######.##
......... ##....#
##.@# ####.a###
#....h†.##
#)##..)..### ..
#.<........#
........$.......#
...)$........#.##
....#.......## #
.............#


You could see a worker ant and a jackal.

Vanquished Creatures
  Jessica (D:3)
  Crazy Yiuf (D:3)
  6 adders
  An ooze (D:1)
  2 worms (D:2)
  2 dart slugs
  2 leopard geckos
  2 orcs
  2 giant cockroaches
  3 goblins (D:2)
  6 hobgoblins
  13 jackals
  4 kobolds
  2 quokkas (D:2)
  A ball python (D:2)
  7 bats
  A frilled lizard (D:3)
  7 rats
63 creatures vanquished.

Notes
Turn   | Place    | Note
-------+----------+-------------------------------------------
     0 | D:1      | dohliylev the Vampire Assassin began the quest for the Orb.
     0 | D:1      | Reached XP level 1. HP: 16/16 MP: 1/1
    87 | D:1      | Reached skill level 6 in Stealth
   184 | D:1      | Reached XP level 2. HP: 12/22 MP: 2/2
   726 | D:2      | Reached XP level 3. HP: 18/27 MP: 3/3
   832 | D:2      | Reached skill level 7 in Stealth
  1367 | D:2      | Found a blossoming altar of Fedhas.
  1367 | D:2      | Found a shadowy altar of Dithmenos.
  1470 | D:3      | Noticed Jessica
  1472 | D:3      | Killed Jessica
  1472 | D:3      | Reached XP level 4. HP: 33/33 MP: 4/4
  1498 | D:3      | Reached skill level 8 in Stealth
  1952 | D:3      | Reached XP level 5. HP: 29/38 MP: 5/5
  2264 | D:3      | Found a runed door.
  2322 | D:3      | Noticed Crazy Yiuf
  2326 | D:3      | Killed Crazy Yiuf
  2388 | D:4      | HP: 1/38 [poisoned by a worker ant]
  2389 | D:4      | Succumbed to a worker ant's poison

Skill      XL: |  1  2  3  4  5 |
---------------+----------------+-----
Stealth        | 6 7 8 |  8.5
Fighting       | 2 |  2.2
Short Blades   | 3 |  3.4
Dodging        | 2 |  2.1
Throwing       | |  1.7

Action                   |  1- 3 |  4- 6 || total
-------------------------+-------+-------++-------
Melee: Dagger            |    84 |   128 ||   212
       Bite              |     6 |    10 ||    16
 Abil: End Transformatio |       |     1 ||     1
       Bat Form          |       |     1 ||     1
  Use: Potion            |       |     4 ||     4
 Stab: Sleeping          |    21 |     6 ||    27
  Eat: Corpse            |       |     2 ||     2
Armor: Robe              |     6 |    25 ||    31
Dodge: Dodged            |    45 |    71 ||   116
